 Dungeon Crawl Stone Soup version 0.28.0-43-g3370ac3207 (webtiles) character file.

Game seed: 16163072136138228433

2229 Cykl0x the Geomancer (level 9, -5/68 HPs)
             Began as a Formicid Earth Elementalist on Mar 5, 2022.
             Slain by an orc warrior
             ... wielding a +0 vorpal long sword
              (10 damage)
             ... on level 7 of the Dungeon.
             The game lasted 00:17:28 (9424 turns).

Cykl0x the Geomancer (Formicid Earth Elementalist)  Turns: 9424, Time: 00:17:29

Health: -5/68      AC:  6    Str: 15    XL:     9   Next: 62%
Magic:  1/16       EV: 12    Int: 17    God:
Gold:   281        SH:  5    Dex: 11    Spells: 11/18 levels left

rFire   . . .      SeeInvis +   s - +0 long sword
rCold   . . .      Faith    .   (no shield)
rNeg    . . .      Spirit   .   x - +0 ring mail
rPois   +          Reflect  +   (helmet unavailable)
rElec   .          Harm     .   (no cloak)
rCorr   .          Rampage  .   (no gloves)
Will    .....                   (no boots)
Stlth   +.........              u - amulet of reflection
HPRegen 0.21/turn               p - ring of poison resistance
MPRegen 0.15/turn               (no ring)

@: mighty, very slightly contaminated
A: permanent stasis, dig shafts and tunnels, antennae 3, four strong arms
a: Dig, Shaft Self


You were on level 7 of the Dungeon.
You visited 2 branches of the dungeon, and saw 9 of its levels.
You also visited: Sewer.

You collected 281 gold pieces.

Inventory:

Hand Weapons
 j - a +3 dagger of speed
 s - a +0 long sword (weapon)
 w - a +2 vampiric dagger
Missiles
 c - 128 stones
Armour
 b - a +1 robe
 i - a +0 leather armour
 x - a +0 ring mail (worn)
Jewellery
 p - a ring of poison resistance (left hand)
 u - an amulet of reflection (around neck)
Wands
 k - a wand of iceblast (36)
 m - a wand of flame (17)
 y - a wand of acid (6)
Scrolls
 q - 3 scrolls of enchant weapon
 v - a scroll of amnesia
 z - 2 scrolls of fog
Potions
 a - a potion of might
 d - a potion of heal wounds
 g - 6 potions of curing
 h - 3 potions of attraction
 l - a potion of cancellation
 n - a potion of ambrosia {unknown}
 r - 2 potions of magic {unknown}
 t - a potion of lignification {unknown}


   Skills:
 + Level 5.1 Fighting
 + Level 0.2(0.9) Short Blades
 + Level 1.4 Long Blades
 + Level 5.5 Armour
 + Level 4.9 Dodging
 - Level 2.4 Stealth
 + Level 0.1 Shields
 + Level 5.2 Spellcasting
 + Level 7.1 Conjurations
 - Level 1.1 Transmutations
 + Level 9.2 Earth Magic


You had 11 spell levels left.
You knew the following spells:

 Your Spells              Type           Power      Damage    Failure   Level
a - Sandblast             Erth           70%        2d15      1%          1
b - Stone Arrow           Conj/Erth      64%        3d11      2%          3
c - Mephitic Cloud        Conj/Pois/Air  12%        N/A       28%         3

Your spell library contained the following spells:

 Spells                   Type           Power      Damage    Failure   Level
 Passwall                 Tmut/Erth      18%        N/A       4%          2
 Conjure Flame            Conj/Fire      16%        6-21      19%         3
 Petrify                  Tmut/Erth      22%        N/A       30%         4
 Iskenderun's Battlesphe  Conj           28%        2d8       36%         5
 Sticky Flame             Conj/Fire      16%        2d4       52%         4
 Ignite Poison            Fire/Tmut/Pois 5%         N/A       54%         3
 Frozen Ramparts          Ice            8%         1d2       61%         3
 Fireball                 Conj/Fire      8%         3d6       86%         5
 Ice Form                 Ice/Tmut       6%         N/A       90%         4
 Summon Ice Beast         Ice/Summ       4%         N/A       95%         4
 Freezing Cloud           Conj/Ice/Air   6%         6-21      95%         5
 Conjure Ball Lightning   Conj/Air       8%         3x3d6     100%        6
 Orb of Destruction       Conj           14%        9d7       100%        7


Dungeon Overview and Level Annotations

Branches:
Dungeon (8/15)             Temple (1/1) D:5           Sewer (visited)
   Lair: D:8-11

Altars:
Ashenzari
Cheibriados
Dithmenos
Elyvilon
Fedhas
Gozag
Hepliaklqana
Makhleb
Nemelex Xobeh
Qazlal
Ru
Wu Jian
Xom
Yredelemnul
Zin
The Shining One

Shops:
D:3 =


Innate Abilities, Weirdness & Mutations

You cannot be hasted, slowed, berserked, paralysed or teleported.
You can dig through walls and to a lower floor.
You have a pair of large antennae on your head. (SInv)
Your four strong arms can wield two-handed weapons with a shield.


Message History

You closely miss the orc warrior.
The orc warrior is heavily wounded.
The orc warrior hits you with a +0 vorpal long sword!
The orc closely misses you. The orc barely misses you.
The orc warrior misses you.
You closely miss the orc warrior.
The orc warrior is heavily wounded.
You block the orc warrior's attack. You block the orc's attack.
You block the orc warrior's attack. The orc hits you but does no damage.
You climb upwards.
There is a stone staircase leading down here.
The orc warrior hits you with a +0 vorpal long sword!
* * * LOW HITPOINT WARNING * * *
x2 You feel much better.
You block the orc's attack.
You feel very mighty all of a sudden. You block the orc's attack.
You slash the orc!
You kill the orc!
The orc warrior barely misses you.
Casting: Stone Arrow (dangerous; 2% risk of failure)
Confirm with . or Enter, or press ? or * to list all spells.
Aiming: Stone Arrow (dangerous; 2% risk of failure)
Press: ? - help, Shift-Dir - straight line, f - orc warrior
Aim: an orc warrior, wielding a +0 vorpal long sword and wearing a +0 plate armour (heavily wounded, 74% to hit)
You miscast Stone Arrow.
You are very lightly contaminated with residual magic.
Nothing appears to happen.
The orc warrior barely misses you.
You closely miss the orc warrior.
The orc warrior is heavily wounded.
The orc warrior hits you with a +0 vorpal long sword!
* * * LOW HITPOINT WARNING * * *
x2 You slash the orc warrior!
The orc warrior is almost dead.
The orc warrior barely misses you.
You hit the orc warrior.
The orc warrior is almost dead.
The orc warrior hits you with a +0 vorpal long sword!
* * * LOW HITPOINT WARNING * * *
x2 The orc warrior hits you with a +0 vorpal long sword!
You die...

######....##..#.#...###########
### #..............##........#
..# #.....#..#.#...##.######.#
..# #.....#..#.##.......## #.#
..# #.....#..#.##...#....# #.#
..# #.....#....###..###..# #.#
..# #...............##...# #.#
..# #.....#######..>##..####.##
### #####.# #.@o.............#
#.####.#######..#######
#................#
#########.#######...######
#<......)...# #........#
###############.#.#####..#####.#
..........................# #.#
#########.#.###.#.#####...####.#
#............#.#.# ##.....##.#


You could see an orc warrior.

Vanquished Creatures
  Prince Ribbit (D:6)
  Sigmund (D:3)
  4 ogres
  2 centaurs
  2 kobold brigands (D:7)
  Blork the orc (D:5)
  3 bullfrogs
  A wyvern zombie (D:7)
  A water moccasin zombie (D:5)
  A jelly (D:7)
  2 orc priests
  2 bullfrog skeletons
  A hound (D:6)
  A scorpion zombie (D:5)
  3 iguanas
  Natasha (twice) (D:4)
  6 orc wizards
  2 killer bee zombies
  A howler monkey skeleton (D:7)
  10 adders
  A river rat (D:5)
  2 shadow imps
  A white imp (D:7)
  3 ufetubi
  A worm (D:4)
  3 dart slugs (D:1)
  8 orcs
  19 ball pythons
  11 endoplasms
  12 giant cockroaches
  8 goblins
  2 hobgoblins
  15 quokkas
  5 bats
  11 frilled lizards
  13 kobolds
  A quokka skeleton (D:4)
  6 rats
169 creatures vanquished.

Notes
Turn   | Place    | Note
-------+----------+-------------------------------------------
     0 | D:1      | Cykl0x the Formicid Earth Elementalist began the quest for
                  | the Orb.
     0 | D:1      | Reached XP level 1. HP: 13/13 MP: 3/3
     6 | D:1      | Noticed a salamander
     6 | D:1      | Noticed a swamp worm
     6 | D:1      | Noticed a swamp drake
   211 | D:1      | Reached XP level 2. HP: 13/19 MP: 0/5
   234 | D:1      | Reached skill level 4 in Earth Magic
   337 | D:1      | Reached skill level 1 in Conjurations
   475 | D:1      | Reached XP level 3. HP: 24/24 MP: 3/6
   479 | D:1      | Learned a level 3 spell: Stone Arrow
   519 | D:1      | Found a faded altar of an unknown god.
  1563 | D:2      | Found a shimmering altar of Xom.
  1581 | D:2      | Identified the +1 helmet "Gesauvag" {rF+ Str+2 Int-5}
  1604 | D:2      | Reached XP level 4. HP: 30/30 MP: 0/7
  2188 | D:3      | Reached skill level 7 in Earth Magic
  2188 | D:3      | Reached XP level 5. HP: 43/43 MP: 9/9
  2389 | D:3      | Found a sparkling altar of Nemelex Xobeh.
  2599 | D:3      | Found Ezaceal's Jewellery Shoppe.
  2687 | D:3      | Noticed Sigmund
  2690 | D:3      | Killed Sigmund
  2691 | D:3      | Reached XP level 6. HP: 50/50 MP: 3/10
  2843 | D:3      | Found a blossoming altar of Fedhas.
  3049 | D:4      | Found a burning altar of Makhleb.
  3229 | D:4      | Found a hazy altar of Hepliaklqana.
  3564 | D:4      | Noticed Natasha
  3567 | D:4      | Killed Natasha
  3936 | D:4      | Noticed an ogre
  3938 | D:4      | Noticed an ogre
  3939 | D:4      | Killed an ogre
  3940 | D:4      | Reached XP level 7. HP: 55/55 MP: 5/12
  4166 | D:4      | Learned a level 3 spell: Mephitic Cloud
  4433 | D:4      | Noticed Natasha
  4435 | D:4      | Killed Natasha
  4488 | D:5      | Entered Level 5 of the Dungeon
  4500 | D:5      | Reached skill level 8 in Earth Magic
  4502 | D:5      | Reached XP level 8. HP: 61/61 MP: 0/14
  4527 | D:5      | Noticed Blork the orc
  4555 | D:5      | Killed Blork the orc
  4556 | D:5      | Reached skill level 5 in Armour
  4666 | D:5      | Found a glowing drain.
  4671 | Sewer    | Entered a sewer
  6222 | D:5      | Found a staircase to the Ecumenical Temple.
  6232 | Temple   | Entered the Ecumenical Temple
  6916 | D:5      | Identified the +5 mace "Ruigaitafu" {speed, Int+3}
  7025 | D:6      | Reached XP level 9. HP: 30/67 MP: 0/16
  7294 | D:6      | Noticed Prince Ribbit
  7298 | D:6      | Killed Prince Ribbit
  7299 | D:6      | Reached skill level 5 in Fighting
  7299 | D:6      | Reached skill level 9 in Earth Magic
  7364 | D:6      | Reached skill level 5 in Spellcasting
  7788 | D:6      | Found a stormy altar of Qazlal.
  8281 | D:7      | Reached skill level 1 in Long Blades
  8486 | D:7      | Found a shadowy altar of Dithmenos.
  9415 | D:7      | HP: 3/68 [orc warrior/+0 vorpal long sword (4)]
  9424 | D:7      | Slain by an orc warrior

Illustrated notes

Levels and vault maps discovered:
D:1:      onia_arrival_zoo_common, layout_basic, basic_ecumenical_altar
D:2:      layout_rooms, basic_altar, minmay_split_cup_small
D:3:      layout_loops_ring, fedhas_altar_4, mainiacjoe_overflow_24_doors,
          serial_shops, nicolae_shop_waterfront, uniq_sigmund
D:4:      layout_loops_corners, mainiacjoe_overflow_catch_the_wave, uniq_natasha
D:5:      layout_cave_pools, temple_fountains, gup_sewer_entry_bubbles,
          chequers_serial_rivers_micro_a, uniq_blork_the_orc
D:6:      layout_cave_pools, nicolae_qazlal_general_emergency,
          uniq_prince_ribbit1
D:7:      layout_basic, kennysheep_mini_moat
D:8:      layout_layer_cave, due_lair_maze_entry_diamond, special_room
          [special_room_orc], nicolae_wooded_promenade,
          chequers_hall_statues_wall_a
Temple:   dpeg_chambers_temple

Skill      XL: |  1  2  3  4  5  6  7  8  9 |
---------------+----------------------------+-----
Earth Magic    | 4 7 8 9 |  9.2
Conjurations   | 1 6 7 |  7.1
Fighting       | 4 5 |  5.1
Armour         | 4 5 |  5.5
Dodging        | 4 |  4.9
Spellcasting   | 3 4 5 |  5.2
Long Blades    | 1 |  1.4
Short Blades   | |  0.2
Stealth        | |  2.4
Shields        | |  0.1
Transmutations | |  1.1

Action                   |  1- 3 |  4- 6 |  7- 9 || total
-------------------------+-------+-------+-------++-------
Melee: Unarmed           |    13 |       |       ||    13
       Mace              |     2 |       |       ||     2
       Dagger            |     6 |     3 |    56 ||    65
       Long sword        |       |       |    65 ||    65
       Punch             |       |       |     2 ||     2
 Cast: Sandblast         |    23 |     3 |    37 ||    63
       Stone Arrow       |    14 |    36 |   121 ||   171
       Mephitic Cloud    |       |       |     1 ||     1
 Abil: Dig               |       |     2 |     1 ||     3
  Use: Scroll            |       |     7 |     9 ||    16
       Potion            |       |     1 |     3 ||     4
Armor: Robe              |     7 |       |       ||     7
       Leather armour    |       |       |    13 ||    13
       Ring mail         |       |       |    14 ||    14
Dodge: Dodged            |    24 |     2 |   107 ||   133
Block: Other             |       |       |    13 ||    13
